 Dungeon Crawl Stone Soup version 0.29.1-1-gd02db6906a (webtiles) character file.

Game seed: 15530507566874152239

14455 mcbry74 the Severer (level 12, -4/107 HPs)
             Began as a Hill Orc Fighter on Oct 4, 2022.
             Was a High Priest of Makhleb.
             Succumbed to a cane toad's poison
             ... on level 1 of the Lair of Beasts.
             The game lasted 00:47:56 (15642 turns).

mcbry74 the Severer (Hill Orc Fighter)             Turns: 15642, Time: 00:47:57

Health: -4/107     AC: 13    Str: 24    XL:     12   Next: 16%
Magic:  20/20      EV: 11    Int:  8    God:    Makhleb [*****.]
Gold:   614        SH:  5    Dex: 13    Spells: 11/11 levels left

rFire   + . .      SeeInvis +   D - +2 battleaxe of the Rotten God {holy, rElec Dex+3 SInv}
rCold   . . .      Faith    .   (shield currently unavailable)
rNeg    . . .      Spirit   .   C - +0 acid dragon scales
rPois   .          Reflect  +   j - +2 hat
rElec   +          Harm     .   G - +1 cloak {Will+}
rCorr   +          Rampage  .   (no gloves)
Will    +....                   (no boots)
Stlth   +.........              E - amulet of reflection
HPRegen 0.27/turn               f - ring of flight
MPRegen 0.17/turn               l - ring of protection from fire

@: lethally poisoned (-4 -> -27), flying
A: no striking features
a: Renounce Religion, Minor Destruction, Lesser Servant of Makhleb, Major
Destruction, Greater Servant of Makhleb


You were on level 1 of the Lair of Beasts.
You worshipped Makhleb.
Makhleb was extremely pleased with you.
You visited 3 branches of the dungeon, and saw 13 of its levels.
You also visited: Bailey.

You collected 1016 gold pieces.
You spent 402 gold pieces at shops.

Inventory:

Hand Weapons
 b - a +3 broad axe
 D - the +2 battleaxe of the Rotten God (weapon) {holy, rElec Dex+3 SInv}
   (You bought it in a shop on level 10 of the Dungeon)

   It has been blessed by the Shining One to cause great damage to the undead
   and demons.
   Dex:       It affects your dexterity (+3).
   rElec:     It insulates you from electricity.
   SInv:      It lets you see invisible.
 F - a +2 morningstar of holy wrath
Missiles
 n - 5 atropa-tipped darts
 p - 38 boomerangs
 r - 15 poisoned darts
 A - 6 datura-tipped darts
Armour
 c - a +0 buckler
 d - a +0 plate armour
 j - a +2 hat (worn)
 k - a +0 chain mail
 C - +0 acid dragon scales (worn)
 G - a +1 cloak of willpower (worn)
 J - a +0 troll leather armour
 L - a +2 scale mail of fire resistance
 P - a +0 kite shield
Jewellery
 f - a ring of flight (left hand)
 l - a ring of protection from fire (right hand)
 m - a ring of resist corrosion
 x - a ring of protection from fire
 E - an amulet of reflection (around neck)
 K - a ring of protection from cold
Wands
 g - a wand of polymorph (27)
 B - a wand of flame (16)
 M - a wand of quicksilver (13)
Scrolls
 a - a scroll of poison {unknown}
 i - 3 scrolls of enchant weapon
 v - 3 scrolls of amnesia
 y - a scroll of summoning
 I - a scroll of fog
 N - a scroll of silence
Potions
 e - 6 potions of curing
 h - 2 potions of mutation {unknown}
 o - 7 potions of flight
 q - 2 potions of attraction {unknown}
 s - 3 potions of lignification
 u - 3 potions of heal wounds {unknown}
 w - a potion of ambrosia {unknown}
 O - a potion of resistance {unknown}


   Skills:
 + Level 10.5 Fighting
 * Level 16.7 Axes
 - Level 10.0 Armour
 - Level 3.2 Shields
 + Level 10.7 Invocations


You had 11 spell levels left.
You didn't know any spells.
Your spell library contained the following spells:

 Spells                   Type           Power      Damage    Failure   Level
 Beastly Appendage        Tmut           0%         N/A       45%         1
 Summon Small Mammal      Summ           0%         N/A       45%         1
 Wereblood                Tmut           0%         N/A       61%         2
 Call Canine Familiar     Summ           0%         N/A       83%         3
 Gell's Gravitas          Tloc           0%         N/A       83%         3
 Lesser Beckoning         Tloc           0%         N/A       83%         3
 Portal Projectile        Hex/Tloc       0%         N/A       83%         3
 Spider Form              Tmut/Pois      0%         N/A       83%         3
 Summon Guardian Golem    Hex/Summ       0%         N/A       83%         3
 Teleport Other           Tloc           0%         N/A       83%         3
 Tukima's Dance           Hex            0%         N/A       83%         3
 Airstrike                Air            0%         2d(0-16)  99%         4
 Summon Lightning Spire   Summ/Air       0%         N/A       99%         4
 Blade Hands              Tmut           0%         N/A       100%        5
 Lightning Bolt           Conj/Air       0%         1d11      100%        5
 Conjure Ball Lightning   Conj/Air       0%         3x3d6     100%        6
 Discord                  Hex            0%         N/A       100%        8
 Disjunction              Tloc           0%         N/A       100%        8


Dungeon Overview and Level Annotations

Branches:
Dungeon (11/15)            Temple (1/1) D:4            Lair (1/5) D:11
 Bailey (visited)
    Orc: D:9-12

Altars:
Ashenzari
Cheibriados
Dithmenos
Elyvilon
Fedhas
Gozag
Hepliaklqana
Kikubaaqudgha
Makhleb
Nemelex Xobeh
Okawaru
Qazlal
Ru
Sif Muna
Trog
Uskayaw
Vehumet
Wu Jian
Xom
Yredelemnul
Zin
The Shining One

Shops:
D:10 (


Message History

The blink frog hits you but does no damage.
The blink frog attacks as you move away!
The blink frog hits you but does no damage.
The cane toad attacks as you move away! You block the cane toad's attack.
The blink frog barely misses you. The cane toad closely misses you.
The blink frog attacks as you move away!
The blink frog hits you.
* * * LOW HITPOINT WARNING * * *
The cane toad attacks as you move away! The cane toad closely misses you.
The cane toad attacks as you move away! The cane toad completely misses you.
The cane toad attacks as you move away! The cane toad stings you!
* * * LOW HITPOINT WARNING * * *
You are lethally poisoned!
The cane toad poisons you!
* * * LOW HITPOINT WARNING * * *
You feel very sick.
* * * LOW HITPOINT WARNING * * *
You feel very sick.
You feel better. You block the cane toad's attack.
You feel better. The cane toad misses you.
You feel better. The blink frog hits you.
* * * LOW HITPOINT WARNING * * *
The blink frog blinks!
The cane toad stings you!!
* * * LOW HITPOINT WARNING * * *
You are lethally poisoned!
The cane toad poisons you! The cane toad completely misses you.
You feel better. The cane toad closely misses you.
Okay, then.
Okay, then.
The blink frog blinks!
The blink frog attacks as you move away!
The blink frog hits you!
* * * LOW HITPOINT WARNING * * *
Items here: )))).
The cane toad attacks as you move away! The cane toad stings you.
* * * LOW HITPOINT WARNING * * *
You are lethally poisoned!
The cane toad poisons you!
You die...

####### ######
########.#)#P###.##.##########
...........F.......>..........
..................F...........
................@)F...........
##....##.........#.###...#.##
#....###..........## #...#
##...# #........§## ##...#
##...###....~.~...###....#
##....##...~~~~~~~..##...#
#...##...~~≈~~F≈~~..#...#
#...###.~~~≈~~~~≈Y~.....#
##....##.§≈≈≈~..≈≈~~#....#


You could see a yak, a cane toad and 3 blink frogs.

Vanquished Creatures
  A two-headed ogre (D:10)
  Pikel (D:6)
  A cyclops (D:11)
  2 centaur zombies (D:10)
  3 komodo dragons (Lair:1)
  Maggie (D:7)
  2 trolls
  A hornet (D:8)
  Prince Ribbit (D:5)
  Grinder (D:6)
  A shadow (D:10)
  A wraith (D:9)
  22 yaks
  A wyvern (D:8)
  Eustachio (D:6)
  A steam dragon (D:7)
  Grum (D:8)
  Menkaure (D:5)
  Edmund (D:5)
  3 water moccasins
  A sky beast (D:5)
  10 orc warriors
  2 ice beasts
  An ogre (D:5)
  4 wolves
  A centaur (D:5)
  3 phantoms
  2 kobold brigands
  Blork the orc (D:4)
  6 gnoll sergeants
  8 bullfrogs
  2 necrophages
  11 wights
  18 killer bees
  A howler monkey (D:4)
  3 gnoll boudas
  A jelly (D:5)
  9 orc priests
  5 hounds
  Natasha (thrice) (D:3)
  7 iguanas
  Terence (D:3)
  5 orc wizards
  8 gnolls
  9 adders
  3 shadow imps
  3 white imps
  3 ufetubi
  2 worms (D:2)
  3 dart slugs
  34 orcs
  3 bats
  8 endoplasms
  3 giant cockroaches
  13 goblins
  8 hobgoblins
  7 jackals
  3 quokkas
  6 ball pythons
  8 frilled lizards (D:1)
  28 kobolds
  5 rats
309 creatures vanquished.

Vanquished Creatures (collateral kills)
  An adder (D:4)
  A giant cockroach (D:4)
  A goblin (D:4)
3 creatures vanquished.

Vanquished Creatures (others)
  12 plants (D:11)
12 creatures vanquished.

Grand Total: 324 creatures vanquished

Notes
Turn   | Place    | Note
-------+----------+-------------------------------------------
     0 | D:1      | mcbry74 the Hill Orc Fighter began the quest for the Orb.
     0 | D:1      | Reached XP level 1. HP: 19/19 MP: 1/1
    17 | D:1      | Reached skill level 3 in Axes
   157 | D:1      | Reached XP level 2. HP: 24/26 MP: 2/2
   398 | D:1      | Reached skill level 4 in Axes
   453 | D:1      | Reached XP level 3. HP: 31/31 MP: 3/3
  1170 | D:2      | Reached XP level 4. HP: 39/39 MP: 4/4
  1321 | D:2      | Reached skill level 5 in Axes
  2060 | D:3      | Noticed Terence
  2066 | D:3      | Killed Terence
  2067 | D:3      | Reached skill level 6 in Axes
  2067 | D:3      | Reached XP level 5. HP: 36/45 MP: 5/5
  2211 | D:3      | Noticed Natasha
  2218 | D:3      | Killed Natasha
  2352 | D:3      | Noticed Natasha
  2355 | D:3      | Killed Natasha
  2356 | D:3      | Reached skill level 7 in Axes
  2383 | D:3      | Noticed Natasha
  2390 | D:3      | Killed Natasha
  2399 | D:3      | Found a faded altar of an unknown god.
  2599 | D:4      | Reached XP level 6. HP: 51/51 MP: 6/6
  2638 | D:4      | Reached skill level 8 in Axes
  2640 | D:4      | Found a staircase to the Ecumenical Temple.
  2646 | Temple   | Entered the Ecumenical Temple
  2813 | Temple   | Became a worshipper of Makhleb the Destroyer
  3158 | D:4      | Reached skill level 1 in Invocations
  3689 | D:5      | Entered Level 5 of the Dungeon
  3689 | D:5      | Noticed Blork the orc
  3697 | D:4      | Killed Blork the orc
  3698 | D:4      | Reached XP level 7. HP: 39/59 MP: 8/8
  3821 | D:4      | Reached skill level 9 in Axes
  4196 | D:5      | Noticed Prince Ribbit
  4235 | D:5      | Killed Prince Ribbit
  4235 | D:5      | Reached * piety under Makhleb
  4236 | D:5      | Reached skill level 5 in Armour
  4444 | D:5      | Reached skill level 5 in Fighting
  4444 | D:5      | Reached XP level 8. HP: 5/68 MP: 10/10
  4772 | D:5      | Noticed Menkaure
  4783 | D:5      | Killed Menkaure
  4784 | D:5      | Reached skill level 10 in Axes
  6135 | D:6      | Noticed Edmund
  6154 | D:5      | Killed Edmund
  6340 | D:5      | Reached skill level 11 in Axes
  6340 | D:5      | Reached skill level 5 in Invocations
  6340 | D:5      | Reached XP level 9. HP: 33/75 MP: 12/12
  6612 | D:5      | HP: 3/75 [orc warrior/+0 halberd (13)]
  6976 | D:6      | Noticed Eustachio
  6999 | D:6      | Killed Eustachio
  7119 | D:6      | Noticed Grinder
  7125 | D:6      | Paralysed by Grinder for 3 turns
  7145 | D:6      | Paralysed by Grinder for 3 turns
  7148 | D:6      | Killed Grinder
  7239 | D:6      | Reached ** piety under Makhleb
  7240 | D:6      | Reached skill level 12 in Axes
  7707 | D:6      | Noticed Pikel
  7719 | D:6      | Killed Pikel
  8015 | D:7      | Noticed Maggie
  8035 | D:7      | Killed Maggie
  8036 | D:7      | Reached XP level 10. HP: 21/86 MP: 15/15
  8392 | D:7      | Reached skill level 13 in Axes
  9572 | D:8      | You are sucked into a shaft and drop 3 floors!
  9800 | D:11     | Noticed a six-headed hydra
  9826 | D:11     | Noticed a cyclops
  9847 | D:11     | Killed a cyclops
  9953 | D:10     | Entered Level 10 of the Dungeon
  9953 | D:10     | Found Xinge's Antique Weapon Shoppe.
  9956 | D:10     | Bought a crude battleaxe for 402 gold pieces
  9956 | D:10     | Identified the +2 battleaxe of the Rotten God {holy, rElec
                  | Dex+3 SInv} (You bought it in a shop on level 10 of the
                  | Dungeon)
  9973 | D:10     | Noticed a two-headed ogre
  9977 | D:10     | Killed a two-headed ogre
 10030 | D:10     | Reached skill level 14 in Axes
 10433 | D:10     | Found a basalt altar of Yredelemnul.
 10539 | D:10     | Reached XP level 11. HP: 78/97 MP: 17/17
 10629 | D:10     | Reached *** piety under Makhleb
 10719 | D:10     | Reached skill level 15 in Axes
 11147 | D:9      | Found a flagged portal.
 11175 | Bailey   | Entered a bailey
 11415 | Bailey   | Reached **** piety under Makhleb
 13145 | D:8      | Reached skill level 10 in Invocations
 13213 | D:8      | Noticed Grum
 13311 | D:8      | HP: 4/99 [wolf[Grum] (8)]
 13312 | D:8      | HP: 1/99 [wolf[Grum] (4)]
 13806 | D:9      | Reached skill level 16 in Axes
 13885 | D:8      | Killed Grum
 13886 | D:8      | Reached skill level 10 in Fighting
 13917 | D:8      | Found a snail-covered altar of Cheibriados.
 14276 | D:8      | Found the +3 woodcutter's axe {vorpal}
 14722 | D:8      | Reached ***** piety under Makhleb
 14742 | D:8      | Reached XP level 12. HP: 88/106 MP: 19/19
 14934 | D:11     | Found a staircase to the Lair.
 14947 | D:11     | Noticed a boulder beetle
 14957 | Lair:1   | Entered Level 1 of the Lair of Beasts
 15316 | Lair:1   | Identified the +5 morningstar of Defruadwak {elec, rF++
                  | rC+++ Str-3}
 15372 | Lair:1   | Reached skill level 10 in Armour
 15634 | Lair:1   | HP: 5/107 [poisoned by a cane toad]
 15641 | Lair:1   | HP: 5/107 [blink frog (9)]
 15642 | Lair:1   | HP: 2/107 [cane toad (4)]
 15642 | Lair:1   | Succumbed to a cane toad's poison

Illustrated notes

Levels and vault maps discovered:
D:1:      minmay_arrival_stair_chambers, layout_rooms, minmay_lizard_pond
D:2:      layout_loops_corners
D:3:      layout_rooms, hellmonk_ecumenical_altar_slurped_away,
          grunt_ministairs_15, uniq_natasha, uniq_terence
D:4:      layout_gridville, temple_green, hex_tiny, minmay_bisected
D:5:      layout_cave_pods, minmay_fractal_squares_diagonal_5,
          uniq_blork_the_orc, uniq_prince_ribbit1, uniq_menkaure
D:6:      layout_rooms, uniq_grinder, uniq_pikel, uniq_edmund, uniq_eustachio
D:7:      layout_loops_ring, chequers_serial_rivers_micro_b, uniq_maggie
D:8:      layout_loops_corners, overflow_temple_1_default,
          nicolae_ossuary_entry_false_entrances, grunt_ministairs_4,
          pf_guarded_unrand_woodcutter, uniq_grum
D:9:      layout_loops_ring, enter_bailey_5, kennysheep_generic_room_15
D:10:     layout_rooms, lemuel_zombie_altar_yredelemnul, serial_shops,
          nicolae_stop_n_shop_2
D:11:     layout_loops_ring, dpeg_oklobed_lair, ebering_ghost_xom, tgw_trog
Temple:   nicolae_temple_slightly_damp_pantheon
Lair:1:   layout_long_grid, infiniplex_staircase_pool_2, uniq_urug

Skill      XL: |  1  2  3  4  5  6  7  8  9 10 11 12 |
---------------+-------------------------------------+-----
Axes           | 3 4 6 7 8 9 11 12 14 16 | 16.7
Armour         | 4 5 6 7 8 9 10 | 10.0
Invocations    | 1 3 5 7 8 10 | 10.7
Fighting       | 4 5 6 7 9 10 | 10.5
Shields        | |  3.2

Action                   |  1- 3 |  4- 6 |  7- 9 | 10-12 || total
-------------------------+-------+-------+-------+-------++-------
Melee: War axe           |    96 |   170 |   260 |   100 ||   626
       Battleaxe         |       |       |       |   402 ||   402
Throw: Dart              |       |     1 |       |       ||     1
Invok: Minor Destruction |       |       |     5 |    44 ||    49
       Major Destruction |       |       |       |     1 ||     1
  Use: Scroll            |       |     7 |     4 |    10 ||    21
       Potion            |       |       |     4 |     4 ||     8
 Stab: Distracted        |       |     1 |       |       ||     1
Armor: Scale mail        |    49 |       |       |       ||    49
       Chain mail        |     4 |    87 |   108 |       ||   199
       Plate armour      |       |       |    11 |       ||    11
       Acid dragon scale |       |       |       |   183 ||   183
Dodge: Dodged            |    61 |    48 |    72 |   242 ||   423
Block: Buckler           |    26 |    23 |    57 |    22 ||   128
       Other             |       |       |       |   108 ||   108
